 Dungeon Crawl Stone Soup version 0.16.0 (webtiles) character file.

3355 Fiveotanaka the Grappler (level 9, -9/80 HPs)
             Began as a Troll Monk on Mar 23, 2015.
             Mangled by a white ugly thing (17 damage)
             ... on level 10 of the Dungeon.
             The game lasted 00:07:21 (2712 turns).

Fiveotanaka the Grappler (Troll Monk)               Turns: 2712, Time: 00:07:22

Health: -9/80      AC:  5    Str: 21    XL:     9   Next: 73%
Magic:  4/4        EV: 12    Int:  6    God:
Gold:   255        SH:  0    Dex: 15    Spells: 0 memorised, 8 levels left

rFire  . . .     SeeInvis .       - Unarmed
rCold  . . .     Clarity  .     a - +0 robe
rNeg   . . .     SustAb   .     (shield restricted)
rPois  .         Gourm    +     (helmet restricted)
rElec  .         Spirit   .     (no cloak)
rCorr  .         Warding  .     (gloves unavailable)
rMut   .         Stasis   .     (boots unavailable)
MR     .....                    (no amulet)
Stlth  ++........               (no ring)
                                (no ring)

@: not resistant to hostile enchantments, unstealthy
A: unfitting armour, claws 3, fast metabolism 3, gourmand, regeneration 2,
shaggy fur 1, tough skin 2
a: no special abilities


You were on level 10 of the Dungeon.
You were very full.

You visited 1 branch of the dungeon, and saw 10 of its levels.

You collected 255 gold pieces.

Inventory:

Armour
 a - a +0 robe (worn)
Jewellery
 i - an uncursed amulet of warding {unknown}
Magical devices
 g - a wand of flame (25)
 n - a wand of lightning (3)
Scrolls
 d - a scroll of random uselessness {unknown}
 e - 3 scrolls of identify {unknown}
 l - a scroll of remove curse {unknown}
 m - a scroll of noise {unknown}
 o - a scroll of fog {unknown}
 p - 2 scrolls of teleportation {unknown}
 r - a scroll of acquirement {unknown}
 s - a scroll of recharging {unknown}
 t - a scroll of fear {unknown}
 v - 2 scrolls of amnesia {unknown}
 x - a scroll of holy word {unknown}
 A - a scroll of enchant armour {unknown}
 E - a scroll of enchant weapon {unknown}
Potions
 c - a potion of agility {unknown}
 h - a potion of heal wounds {unknown}
 k - 2 potions of poison {unknown}
 q - 2 potions of resistance {unknown}
 w - a potion of flight {unknown}
 B - a potion of restore abilities {unknown}
 D - a potion of brilliance {unknown}
Books
 y - a book of Beasts

   Spells                             Type                      Level
   a - Summon Butterflies             Summoning                    1
   b - Call Canine Familiar           Summoning                    3
   c - Summon Ice Beast               Ice/Summoning                4
   d - Summon Mana Viper              Hexes/Summoning              5
   e - Monstrous Menagerie            Summoning                    6
   f - Summon Hydra                   Summoning                    7
 z - a book of Debilitation

   Spells                             Type                      Level
   a - Corona                         Hexes                        1
   b - Slow                           Hexes                        2
   c - Inner Flame                    Hexes/Fire                   3
   d - Enslavement                    Hexes                        4
   e - Cause Fear                     Hexes                        4
   f - Leda's Liquefaction            Hexes/Earth                  4
Comestibles
 b - 7 meat rations
 f - 6 bread rations
 j - 8 beef jerkies
 u - a fruit
 C - 2 chunks of flesh


   Skills:
 - Level 2.4 Fighting
 + Level 5.4 Dodging
 - Level 1.1 Stealth
 + Level 12.8 Unarmed Combat


You had 8 spell levels left.
You didn't know any spells.

Dungeon Overview and Level Annotations

Branches:
Dungeon (10/15)
 Temple: D:4-7         Lair: D:8-11         Orc: D:9-12

Altars:
Cheibriados
Dithmenos
Makhleb
Ru
Sif Muna
Vehumet
The Shining One

Shops:
D:4 :   D:10 !}(


Innate Abilities, Weirdness & Mutations

You are too large for most types of armour.
You have claws for hands.
Your metabolism is lightning-fast.
You like to eat raw meat.
You heal very quickly.
You are covered in fur (AC +1).
You have very tough skin (AC +2).


Message History

The white ugly thing trunk-slaps you! The white ugly thing freezes you!!
* * * LOW HITPOINT WARNING * * *
You barely miss the white ugly thing.
The white ugly thing is almost dead.
The white ugly thing misses you.
You barely miss the white ugly thing. Your claw misses the white ugly thing.
The white ugly thing is almost dead.
The white ugly thing closely misses you.
You completely miss the white ugly thing.
The white ugly thing is almost dead.
You barely miss the white ugly thing.
The white ugly thing is almost dead.
The white ugly thing barely misses you.
You completely miss the white ugly thing.
Your claw misses the white ugly thing.
The white ugly thing is almost dead.
The white ugly thing trunk-slaps you.
* * * LOW HITPOINT WARNING * * *
The white ugly thing freezes you!
You die...

#.##)....###......#
# #.########
##.....## # #.#
##......# # #.#
#.......## ## ...
##.........####.
...
#....###........
##...## ##.......
##...## ########
#@..## ........u..#
..........#
###....#.##
##.....# #......
##..... ##.#### .


You could see a white ugly thing (bleeding).

Vanquished Creatures
  11 yaks
  A deep elf mage (D:9)
  Eustachio (D:4)
  Edmund (D:4)
  2 ice beasts
  An orc warrior (D:9)
  2 ogres
  A centaur (D:6)
  A wyvern skeleton (D:8)
  A scorpion (D:10)
  2 hounds (D:9)
  2 jellies (D:9)
  A crimson imp (D:9)
  A gnoll shaman (D:8)
  2 goliath beetles
  An orc priest (D:9)
  A giant frog skeleton (D:5)
  3 orc wizards
  2 iguanas
  2 worker ants
  A killer bee zombie (D:6)
  Ijyb (D:4)
  Jessica (D:3)
  A worker ant zombie (D:10)
  3 adders
  7 gnolls
  2 shadow imps
  A worm (D:3)
  5 giant geckos
  17 orcs
  A bat (D:2)
  6 giant cockroaches
  7 hobgoblins
  4 jackals (D:10)
  6 kobolds
  2 quokkas
  2 giant newts
  7 goblins
  A quokka skeleton (D:4)
  A rat (D:5)
115 creatures vanquished.

Notes
Turn   | Place    | Note
--------------------------------------------------------------
     0 | D:1      | Fiveotanaka, the Troll Monk, began the quest for the Orb.
     0 | D:1      | Reached XP level 1. HP: 22/22 MP: 1/1
   136 | D:2      | Reached XP level 2. HP: 27/29 MP: 1/1
   260 | D:3      | Noticed Jessica
   268 | D:3      | Killed Jessica
   268 | D:3      | Reached skill level 5 in Unarmed Combat
   268 | D:3      | Reached XP level 3. HP: 23/36 MP: 2/2
   446 | D:4      | Found a radiant altar of Vehumet.
   466 | D:4      | Noticed Eustachio
   471 | D:4      | Found Kowk's Book Boutique.
   486 | D:4      | Killed Eustachio
   486 | D:4      | Reached skill level 6 in Unarmed Combat
   486 | D:4      | Reached XP level 4. HP: 39/44 MP: 2/2
   486 | D:4      | Reached XP level 5. HP: 44/50 MP: 2/2
   574 | D:4      | Noticed Ijyb
   574 | D:4      | Noticed Edmund
   580 | D:4      | Killed Edmund
   580 | D:4      | Reached skill level 7 in Unarmed Combat
   580 | D:4      | Reached XP level 6. HP: 56/59 MP: 3/3
   587 | D:4      | Killed Ijyb
   642 | D:5      | Entered Level 5 of the Dungeon
   703 | D:5      | Reached skill level 8 in Unarmed Combat
   712 | D:5      | Found a shadowy altar of Dithmenos.
  1074 | D:6      | Reached XP level 7. HP: 42/66 MP: 3/3
  1159 | D:6      | Reached skill level 9 in Unarmed Combat
  1707 | D:9      | Noticed a yak
  1708 | D:9      | Noticed a yak
  1709 | D:9      | Noticed a yak
  1709 | D:9      | Noticed a yak
  1709 | D:9      | Noticed a yak
  1709 | D:9      | Noticed a yak
  1719 | D:9      | Killed a yak
  1719 | D:9      | Reached skill level 10 in Unarmed Combat
  1719 | D:9      | Reached XP level 8. HP: 53/74 MP: 3/3
  1722 | D:9      | Killed a yak
  1726 | D:9      | Killed a yak
  1750 | D:9      | Killed a yak
  1751 | D:9      | Killed a yak
  1751 | D:9      | Reached skill level 11 in Unarmed Combat
  1782 | D:9      | Killed a yak
  1877 | D:9      | Found a snail-covered altar of Cheibriados.
  1878 | D:9      | Found a burning altar of Makhleb.
  1880 | D:9      | Found a deep blue altar of Sif Muna.
  1882 | D:9      | Found a glowing golden altar of the Shining One.
  1882 | D:9      | Found a sacrificial altar of Ru.
  2020 | D:9      | Reached XP level 9. HP: 80/80 MP: 4/4
  2169 | D:9      | Noticed a deep elf mage
  2174 | D:9      | Killed a deep elf mage
  2245 | D:10     | Entered Level 10 of the Dungeon
  2303 | D:10     | Found Uka Daso's Distillery.
  2351 | D:10     | Found Crostrug's Gadget Boutique.
  2363 | D:10     | Reached skill level 12 in Unarmed Combat
  2458 | D:10     | Reached skill level 5 in Dodging
  2606 | D:10     | Found Stig's Weapon Shoppe.
  2700 | D:10     | Noticed a white ugly thing
  2712 | D:10     | Mangled by a white ugly thing

Action                   |  1- 3 |  4- 6 |  7- 9 || total
-------------------------+-------+-------+-------++-------
Melee: Unarmed           |    64 |    41 |   181 ||   286
 Stab: Sleeping          |     2 |     1 |     2 ||     5
  Eat: Chunk             |     9 |     6 |    13 ||    28
